 Dungeon Crawl Stone Soup version 0.17.2-1-ge4368a0 (webtiles) character file.

44 Goblin1989 the Sneak (level 3, -2/16 HPs)
             Began as a Spriggan Enchanter on Oct 30, 2016.
             Killed by nerve-wracking pain
             ... invoked by an orc priest
              (9 damage)
             ... on level 4 of the Dungeon.
             The game lasted 00:04:36 (1292 turns).

Goblin1989 the Sneak (Spriggan Enchanter)           Turns: 1292, Time: 00:04:37

Health: -2/16      AC:  3    Str:  7    XL:     3   Next: 39%
Magic:  5/8        EV: 18    Int: 17    God:
Gold:   32         SH:  0    Dex: 16    Spells: 1 memorised, 7 levels left

rFire  . . .     SeeInvis +     a - +1 dagger
rCold  . . .     Clarity  .     b - +1 robe
rNeg   . . .     SustAt   .     (shield restricted)
rPois  .         Gourm    .     (helmet restricted)
rElec  .         Spirit   .     (no cloak)
rCorr  .         Warding  .     (gloves unavailable)
rMut   .         Stasis   .     (boots unavailable)
MR     .....                    (no amulet)
Stlth  +++.......               (no ring)
                                l - +3 ring of strength

@: very quick, not resistant to hostile enchantments, fairly stealthy
A: unfitting armour, see invisible, herbivore 3, speed 3, slow metabolism 2
a: no special abilities


You were on level 4 of the Dungeon.
You were not hungry.

You visited 1 branch of the dungeon, and saw 4 of its levels.

You collected 32 gold pieces.

Inventory:

Hand Weapons
 a - a +1 dagger (weapon)
Armour
 b - a +1 robe (worn)
Jewellery
 l - a +3 ring of strength (left hand)
Scrolls
 e - 2 scrolls of random uselessness {unknown}
 h - a scroll of teleportation {unknown}
 j - a scroll of magic mapping {unknown}
Potions
 f - 2 potions of haste {unknown}
 i - a potion of curing {unknown}
Books
 c - a book of Maledictions

   Spells                             Type                      Level
   a - Corona                         Hexes                        1
   b - Ensorcelled Hibernation        Hexes/Ice                    2
   c - Confuse                        Hexes                        3
   d - Tukima's Dance                 Hexes                        3
   e - Dazzling Spray                 Conjuration/Hexes            3
Comestibles
 d - a bread ration {@e1}
 g - a royal jelly
 k - 9 fruits


   Skills:
 - Level 1.1 Short Blades
 - Level 3.0 Dodging
 + Level 5.3 Stealth
 + Level 3.1 Spellcasting
 * Level 4.6 Hexes


You had 7 spell levels left.
You knew the following spells:

 Your Spells              Type           Power        Failure   Level  Hunger
a - Corona                Hex            ###....      2%          1    None


Dungeon Overview and Level Annotations

Branches:
Dungeon (4/15)
 Temple: D:4-7

Altars:
Qazlal


Innate Abilities, Weirdness & Mutations

You are tiny and cannot use many weapons and most armour.
You have supernaturally acute eyesight.
You are a herbivore.
You cover ground extremely quickly.
You need consume almost no food.


Message History

The orc priest struggles to resist.
The orc priest mumbles some strange prayers to Beogh against you.
Pain shoots through your body!
You take 6 damage, and have 7/16 hp.
MASSIVE DAMAGE!!
You now have 6/8 mp.
Casting: Corona
Confirm with . or Enter, or press ? or * to list all spells.
Aiming: Corona
Press: ? - help, Shift-Dir - straight line, f/p - orc priest
Aim: an orc priest, wielding a short sword and wearing a ring mail (chance to defeat MR: 56%)
The orc priest is outlined in light.
The orc priest misses you.
You now have 5/8 mp.
You hit the orc priest.
The orc priest is lightly wounded.
The orc priest closely misses you.
You hit the orc priest but do no damage.
The orc priest is lightly wounded.
The orc priest invokes the aid of Beogh against you.
Pain shoots through your body!
Ouch! That really hurt!
You die... █ ███(█

█.█. ██
█.. ..
█o█.█.█
█@....█


███████ You could see an orc priest.

Vanquished Creatures
  2 adders (D:2)
  A giant gecko (D:1)
  6 hobgoblins
  2 kobolds (D:1)
  8 bats
  A giant cockroach (D:1)
  A giant newt (D:1)
  3 goblins
  A rat (D:1)
25 creatures vanquished.

Notes
Turn   | Place    | Note
--------------------------------------------------------------
     0 | D:1      | Goblin1989 the Spriggan Enchanter began the quest for the Orb.
     0 | D:1      | Reached XP level 1. HP: 9/9 MP: 5/5
   143 | D:1      | Reached XP level 2. HP: 8/13 MP: 6/6
   384 | D:1      | Reached skill level 5 in Stealth
  1028 | D:2      | Found a stormy altar of Qazlal.
  1042 | D:2      | Reached XP level 3. HP: 16/16 MP: 6/8
  1292 | D:4      | Killed from afar by an orc priest

Action                   || total
-------------------------++-------
Melee: Dagger            ||    59
 Cast: Corona            ||     3
 Stab: Sleeping          ||    18

Vault maps used:
D:1:      minmay_arrival_doors
D:2:      nicolae_qazlal_general_emergency, first_bread, roderic_three_in_a_row
D:3:      gammafunk_temple_overflow_statue, uniq_jessica
D:4:      corexii_shantytown, tgw_xom, uniq_grinder
